 Dungeon Crawl Stone Soup version 0.31-a0-702-gf82c85558f (webtiles) character file.

Game seed: 7798001030969894864

313 qw the Shooter (level 6, -1/38 HPs)
             Began as a Gargoyle Hunter on Sept 8, 2023.
             Slain by a gnoll
             ... wielding a +0 halberd
              (6 damage)
             ... on level 3 of the Dungeon.
             The game lasted 00:00:51 (1752 turns).

qw the Shooter (Gargoyle Hunter)                    Turns: 1752, Time: 00:00:51

Health: -1/38      AC: 10    Str: 15    XL:     6   Next: 43%
Magic:  6/6        EV: 11    Int:  9    God:
Gold:   113        SH:  0    Dex: 15    Spells: 5/5 levels left

rFire   . . .        Y - +1 shortbow
rCold   . . .        (shield currently unavailable)
rNeg    + . .        d - +0 ring mail
rPois   inf          (no helmet)
rElec   +            (no cloak)
rCorr   .            (no gloves)
SInv    .            i - +0 pair of boots
Will    .....        (no amulet)
Stlth   +            (no ring)
HPRegen 0.26/turn    (no ring)
MPRegen 0.10/turn

%: no passive effects
@: no status effects
A: sickness immunity, AC +4, negative energy resistance 1, electricity
resistance, torment resistance 1, petrification resistance
a: no special abilities


You were on level 3 of the Dungeon.
You visited 1 branch of the dungeon, and saw 3 of its levels.

You collected 113 gold pieces.


Innate Abilities, Weirdness & Mutations

You are immune to sickness and miasma.
Your stone body is resilient. (AC +4)
You are immune to poison.
You resist negative energy. (rN+)
You are resistant to electric shocks. (rElec)
You are resistant to unholy torment.
You are immune to petrification.


   Skills:
 - Level 4.1 Fighting
 + Level 6.5 Ranged Weapons
 - Level 1.3 Armour
 - Level 1.5 Dodging
 - Level 1.1 Stealth


You had 5 spell levels left.
You didn't know any spells.
Your spell library was empty.

Inventory:

Hand Weapons
 Y - a +1 shortbow (weapon)
Armour
 b - a +1 pair of gloves
 d - a +0 ring mail (worn)
 i - a +0 pair of boots (worn)
Potions
 a - a potion of curing {unknown}
 e - a potion of ambrosia {unknown}
 g - a potion of heal wounds {unknown}

Dungeon Overview and Level Annotations

Branches:
Dungeon (3/15)

Altars:


Message History

The plant begins to die.
The gnoll hits the plant with a +0 halberd!
The gnoll hits the plant with a +0 whip.
The gnoll hits the plant with a +0 whip.
The gnoll hits the plant with a +0 halberd!!
A nearby plant withers and dies.
A nearby plant withers and dies.
You shoot an arrow. The arrow hits the gnoll.
The gnoll is moderately wounded.
You shoot an arrow. The arrow completely misses the gnoll.
The gnoll hits you with a +0 flail.
You shoot an arrow. The arrow hits the gnoll.
The gnoll is severely wounded.
The gnoll hits you with a +0 flail. The gnoll closely misses you.
The gnoll hits you with a +0 flail.
You shoot an arrow. The arrow closely misses the gnoll.
The gnoll misses you.
You shoot an arrow. The arrow barely misses the gnoll.
The gnoll misses you. The gnoll completely misses you.
The gnoll barely misses you.
You shoot an arrow. The arrow hits the gnoll.
The gnoll is almost dead.
The gnoll hits you but does no damage. The gnoll hits you with a +0 flail.
The gnoll hits you but does no damage.
You shoot an arrow. The arrow barely misses the gnoll.
The gnoll completely misses you. The gnoll hits you with a +0 flail.
The gnoll closely misses you.
You shoot an arrow. The arrow hits the gnoll!
You kill the gnoll!
The gnoll hits you from afar with a +0 halberd!
The gnoll closely misses you. The gnoll barely misses you.
You shoot an arrow. The arrow barely misses the gnoll.
The gnoll hits you but does no damage. The gnoll misses you.
You shoot an arrow. The arrow hits the gnoll!
The gnoll is severely wounded.
The gnoll hits you with a +0 whip. The gnoll closely misses you.
The gnoll hits you with a +0 whip.
You shoot an arrow. The arrow barely misses the gnoll.
The gnoll hits you from afar with a +0 halberd.
You die...

................
#............... .#
#.............. .##
#............# ####..
#............# #....#
#............# #....#
####.(.......#
#....###.
#.........###)g......
#####........@PP.....
#.............Pg...#.
#...........P~P~P~P#
#......##..~~77P7~PP.
##........P~77 77 ~..
#.....)..P~7 ..
#........PP~7 .
#P~~~.^....~~P~7
#777~......PPP~~


You could see 2 gnolls.

Vanquished Creatures
  A sky beast (D:3)
  An orc priest (D:3)
  2 orc wizards (D:3)
  3 adders
  5 gnolls (D:3)
  A worm (D:2)
  2 dart slugs
  4 orcs (D:3)
  4 bats
  9 endoplasms
  5 giant cockroaches
  A hobgoblin (D:1)
  7 kobolds
  3 quokkas
  5 ball pythons
  A frilled lizard (D:3)
  4 goblins
  2 rats (D:1)
60 creatures vanquished.

Notes
Turn   | Place    | Note
-------+----------+-------------------------------------------
     0 | D:1      | qw the Gargoyle Hunter began the quest for the Orb.
     0 | D:1      | Reached XP level 1. HP: 12/12 MP: 1/1
     0 | D:1      | 0 ||| qw: Version: 0.3-a-76-g4403597
     0 | D:1      | 0 ||| qw: Game counter: 933
     0 | D:1      | 0 ||| qw: Melee chars always use a shield: true
     0 | D:1      | 0 ||| qw: God list: Okawaru
     0 | D:1      | 0 ||| qw: Allow faded altars: false
     0 | D:1      | 0 ||| qw: Do Orc after clearing Dungeon:15 true
     0 | D:1      | 0 ||| qw: Do second Lair branch before Depths: true
     0 | D:1      | 0 ||| qw: Lair rune preference: random
     0 | D:1      | 0 ||| qw: Goals: Normal
     0 | D:1      | 0 ||| PLANNING D:1-11
   145 | D:1      | Reached XP level 2. HP: 17/17 MP: 2/2
   454 | D:1      | Found a faded altar of an unknown god.
   549 | D:1      | Reached XP level 3. HP: 21/21 MP: 3/3
   712 | D:1      | 712 ||| READING scroll labelled MULAUQ UXERHUY.
   713 | D:1      | 713 ||| READING scroll labelled IPINIARUSAS.
   717 | D:1      | 717 ||| READING scroll labelled UXE JUVVASA.
   718 | D:1      | 718 ||| DROPPING scroll of butterflies.
   799 | D:2      | Reached skill level 5 in Ranged Weapons
   837 | D:2      | 837 ||| Stepping ~*~*~tactically~*~*~ (outnumbered).
   839 | D:2      | 839 ||| Stepping ~*~*~tactically~*~*~ (outnumbered).
  1108 | D:2      | Reached skill level 3 in Fighting
  1247 | D:2      | 1247 ||| UPGRADING to +0 ring mail.
  1257 | D:2      | 1257 ||| DROPPING +0 leather armour.
  1258 | D:2      | 1258 ||| UPGRADING to +0 pair of boots.
  1263 | D:2      | 1263 ||| READING scroll labelled USAUFUUCSU.
  1264 | D:2      | 1264 ||| READING scroll labelled GAMYODUTOR.
  1265 | D:2      | 1265 ||| READING scroll labelled OGHOKE XANG.
  1304 | D:3      | 1304 ||| Stepping ~*~*~tactically~*~*~ (water).
  1309 | D:3      | Reached XP level 4. HP: 28/28 MP: 4/4
  1335 | D:3      | Noticed a sky beast
  1338 | D:3      | Reached skill level 1 in Armour
  1358 | D:3      | Killed a sky beast
  1359 | D:3      | Reached skill level 6 in Ranged Weapons
  1359 | D:3      | Reached XP level 5. HP: 26/32 MP: 5/5
  1584 | D:3      | Reached XP level 6. HP: 20/38 MP: 6/6
  1749 | D:3      | HP: 8/38 [gnoll/+0 halberd (9)]
  1752 | D:3      | Slain by a gnoll

Levels and vault maps discovered:
D:1:      beargit_arrival_greenhouse, layout_basic,
          ebering_ecumenical_altar_hall
D:2:      layout_rooms
D:3:      layout_basic, serial_bayou, serial_bayou_ford_a, serial_bayou_pond_d,
          serial_bayou_crossing, serial_bayou_pond_c, serial_bayou_shore_b,
          serial_bayou_pond_c, gammafunk_ghost_cemetery

Skill      XL: |  1  2  3  4  5 |
---------------+----------------+-----
Ranged Weapons | 5 6 |  6.5
Fighting       | 3 4 |  4.1
Armour         | 1 |  1.3
Dodging        | |  1.5
Stealth        | |  1.1

Action                     |  1- 3 |  4- 6 || total
---------------------------+-------+-------++-------
   Fire: Shortbow          |   118 |    95 ||   213
    Use: Scroll            |     6 |       ||     6
 Armour: Leather armour    |    16 |       ||    16
         Ring mail         |       |    50 ||    50
  Dodge: Dodged            |    25 |    49 ||    74

Table legend:
 A = Non-vault XP
 B = Vault XP
 C = Vault XP percentage of total XP
 D = Non-vault monster count
 E = Vault monster count
 F = Vault count percentage of total count
                 A         B        C        D         E       F
            +---------+---------+-------+---------+---------+-------
      Total |     448 |       0 |   0.0 |      60 |       0 |   0.0
            +---------+---------+-------+---------+---------+-------
        D:1 |      37 |       0 |   0.0 |      19 |       0 |   0.0
        D:2 |      41 |       0 |   0.0 |      15 |       0 |   0.0
        D:3 |     370 |       0 |   0.0 |      26 |       0 |   0.0
            +---------+---------+-------+---------+---------+-------
